 Dungeon Sprint DCSS version 0.20.1-1-g8b1a95d (webtiles) character file.

44 Fang the Skirmisher (level 3, -6/39 HPs)
             Began as a Gargoyle Berserker on Oct 22, 2018.
             Was a Priest of Trog.
             Mangled by a wolf (7 damage)
             ... in the Dungeon (Sprint VII: "The Pits").
             The game lasted 00:01:12 (304 turns).

Fang the Skirmisher (Gargoyle Berserker)             Turns: 304, Time: 00:01:13

Health: -6/39      AC:  5    Str: 26    XL:     3   Next: 60%
Magic:  3/3        EV: 12    Int:  7    God:    Trog [***...]
Gold:   0          SH:  0    Dex:  9    Spells: 2/2 levels left

rFire    . . .     SeeInvis .   j - +2 hand axe
rCold    . . .     Gourm    .   (no shield)
rNeg     + . .     Faith    .   b - +0 animal skin
rPois    ∞         Spirit   .   (no helmet)
rElec    +         Reflect  .   (no cloak)
rCorr    .         Harm     .   (no gloves)
MR       .....     NoTele   +   (no boots)
Stlth    ..........             (no amulet)
Regen    0.2/turn               (no ring)
MPRegen  0.1/turn               (no ring)

@: berserking, very quick
A: negative energy resistance 1, electricity resistance, unbreathing,
petrification resistance, rot immunity, AC +3
a: Berserk, Trog's Hand, Burn Spellbooks, Renounce Religion


You were in the Dungeon.
You worshipped Trog.
Trog was most pleased with you.
You were not hungry.

You visited 1 branch

Inventory:

Hand Weapons
 j - a +2 hand axe (weapon)
Armour
 b - a +0 animal skin (worn)
Scrolls
 i - a scroll of blinking
 k - 3 scrolls of remove curse
 l - a scroll of summoning
Potions
 a - 2 potions of invisibility
 d - a potion of curing
 e - a potion of heal wounds
 f - a potion of haste
 g - 4 potions of magic
 h - 3 potions of berserk rage
Comestibles
 c - 8 bread rations
 m - 40 fruits
 n - 7 meat rations


   Skills:
 + Level 5.6 Fighting
 + Level 4.8 Axes
 + Level 2.9 Armour
 + Level 2.4 Dodging


You had 2 spell levels left.
You didn't know any spells.

Dungeon Overview and Level Annotations

Branches:
Dungeon (1/1)

Altars:
Cheibriados
Dithmenos
Elyvilon
Fedhas
Gozag
Hepliaklqana
Makhleb
Nemelex Xobeh
Okawaru
Qazlal
Ru
Sif Muna
Trog
Vehumet
Xom
Yredelemnul
Zin
The Shining One
Beogh
Jiyva
Lugonu


Innate Abilities, Weirdness & Mutations

You are resistant to torment.
Your stone body is resilient. (AC +3)
You are immune to poison.
You resist negative energy. (rN+)
You are resistant to electric shocks. (rElec)
You can survive without breathing.
You are immune to petrification.
You are immune to rotting.


Message History

You are too injured to fight recklessly!
You are too injured to fight recklessly!
You are too injured to fight recklessly!
You are too injured to fight recklessly!
You are too injured to fight recklessly!
You are too injured to fight recklessly!
You are too injured to fight recklessly!
You are too injured to fight recklessly!
You are too injured to fight recklessly!
You are too injured to fight recklessly!
You are too injured to fight recklessly!
Unknown command.
A red film seems to cover your vision as you go berserk!
You feel yourself moving faster!
You feel mighty!
You feel a lot more hungry. The wolf bites you!
* * * LOW HITPOINT WARNING * * *
The worker ant closely misses you.
The leopard gecko skeleton closely misses you.
The wolf bites you!
You die...

##########.##†.........
#...........'..........
#+#####'#####......#..#
#.....# #..........
#..†..# ####'#####+
###'### #.......#
#.....# #.......#
#.....# #.......#
####@## #...<...#
#..Zah...##.......#
#...g....##.......#
###########.......#
#########


You could see a wolf, a worker ant, a hobgoblin and a leopard gecko skeleton.

Vanquished Creatures
  A worker ant (D)
  A river rat (D)
  An ufetubus (D)
  An adder zombie (D)
  2 jackals (D)
6 creatures vanquished.

Notes
Turn   | Place    | Note
-------+----------+-------------------------------------------
     0 | D        | Fang the Gargoyle Berserker began the quest for the Orb.
     0 | D        | Reached XP level 1. HP: 14/14 MP: 1/1
    89 | D        | Found a bloodstained altar of Trog.
    89 | D        | Found a deep blue altar of Sif Muna.
    89 | D        | Found a viscous altar of Jiyva.
    89 | D        | Found a hazy altar of Hepliaklqana.
    89 | D        | Found an opulent altar of Gozag.
    90 | D        | Found a glowing golden altar of the Shining One.
    90 | D        | Found a glowing silver altar of Zin.
    90 | D        | Found a basalt altar of Yredelemnul.
    90 | D        | Found a shimmering altar of Xom.
    90 | D        | Found a sacrificial altar of Ru.
    90 | D        | Found a stormy altar of Qazlal.
    90 | D        | Found an iron altar of Okawaru.
    90 | D        | Found a sparkling altar of Nemelex Xobeh.
    90 | D        | Found a burning altar of Makhleb.
    90 | D        | Found a blossoming altar of Fedhas.
    90 | D        | Found a white marble altar of Elyvilon.
    90 | D        | Found a shadowy altar of Dithmenos.
    90 | D        | Found a snail-covered altar of Cheibriados.
    93 | D        | Found a corrupted altar of Lugonu.
    93 | D        | Found a radiant altar of Vehumet.
    93 | D        | Found a roughly hewn altar of Beogh.
   130 | D        | Noticed a worker ant
   134 | D        | Killed a worker ant
   134 | D        | Reached ** piety under Trog
   134 | D        | Reached skill level 5 in Fighting
   134 | D        | Reached XP level 2. HP: 16/21 MP: 2/2
   134 | D        | Reached XP level 3. HP: 19/26 MP: 3/3
   295 | D        | Reached *** piety under Trog
   301 | D        | Noticed a wolf
   304 | D        | HP: 1/39 [wolf (9)]
   304 | D        | Mangled by a wolf

Skill      XL: |  1 |
---------------+----+-----
Axes           | 4 |  4.8
Fighting       | 5 |  5.6
Dodging        | 2 |  2.4
Armour         | |  2.9

Action                   || total
-------------------------++-------
Melee: Hand axe          ||    30
Invok: Berserk           ||     1
Armor: Animal skin       ||    17
Dodge: Dodged            ||    25
